 Dungeon Crawl Stone Soup version 0.26-a0-21-gf97e55dc39 (webtiles) character file.

Game seed: 10892613438533484337, levelgen mode: deterministic

1563 Esekla the Slasher (level 8, 0/52 HPs)
             Began as an Octopode Warper on May 26, 2020.
             Killed from afar by an orc wizard (6 damage)
             ... with a puff of frost
             ... on level 6 of the Dungeon.
             The game lasted 00:29:12 (4879 turns).

Esekla the Slasher (Octopode Warper)                Turns: 4879, Time: 00:29:12

Health: 0/52       AC:  1    Str: 10    XL:     8   Next: 89%
Magic:  9/12       EV: 15    Int: 16    God:
Gold:   315        SH:  0    Dex: 13    Spells: 9/13 levels left

rFire    . . .     SeeInvis +   a - +0 falchion
rCold    . . .     Gourm    .   (no shield)
rNeg     . . .     Faith    .   (helmet restricted)
rPois    .         Spirit   .   g - amulet of regeneration
rElec    .         Reflect  .   y - ring of see invisible
rCorr    .         Harm     .   (no ring)
MR       .....                  (no ring)
Stlth    +++.......             (no ring)
HPRegen  0.57/turn              (no ring)
MPRegen  0.13/turn              (no ring)
                                (no ring)
                                (no ring)

@: no status effects
A: almost no armour, stealthy swim, amphibious, 8 rings, constrict 8, camouflage
1, gelatinous body 1
a: no special abilities


You were on level 6 of the Dungeon.
You were hungry.

You visited 1 branch of the dungeon, and saw 6 of its levels.
You also visited: Sewer.

You collected 315 gold pieces.

Inventory:

Hand Weapons
 a - a +0 falchion (weapon)
 b - a +0 vorpal spear
 p - a +0 short sword
Missiles
 d - 5 boomerangs of dispersal (quivered)
Jewellery
 g - an amulet of regeneration (around mantle)
 y - a ring of see invisible (left tentacle)
 A - an uncursed amulet of guardian spirit {unknown}
 B - an uncursed ring of ice {unknown}
Wands
 q - a wand of flame (19)
Scrolls
 c - 6 scrolls of blinking
 e - a scroll of enchant weapon {unknown}
 j - 6 scrolls of teleportation {unknown}
 l - 6 scrolls of remove curse {unknown}
 n - a scroll of enchant armour {unknown}
 o - a scroll of magic mapping
 v - a scroll of amnesia {unknown}
 w - 3 scrolls of fear {unknown}
 x - 2 scrolls of identify
 z - a scroll of immolation {unknown}
Potions
 h - a potion of magic {unknown}
 i - 2 potions of lignification
 k - a potion of heal wounds {unknown}
 m - 3 potions of brilliance
 r - a potion of berserk rage
 s - 4 potions of might {unknown}
 t - 2 potions of curing {unknown}
 u - a potion of flight {unknown}
Comestibles
 f - 7 rations


   Skills:
 + Level 3.4 Fighting
 * Level 7.0 Long Blades
 - Level 1.0 Throwing
 * Level 4.6 Dodging
 + Level 3.2 Stealth
 + Level 3.2 Spellcasting
 * Level 4.0 Charms
 * Level 4.7 Translocations


You had 9 spell levels left.
You knew the following spells:

 Your Spells              Type           Power        Failure   Level  Hunger
a - Shroud of Golubria    Chrm/Tloc      ###...       4%          2    ##.....
b - Blink                 Tloc           N/A          4%          2    ##.....

Your spell library contained the following spells:

 Spells                   Type           Power        Failure   Level  Hunger
 Gell's Gravitas          Tloc           ###.......   8%          3    ###....
 Lesser Beckoning         Tloc           ###.......   8%          3    ###....
 Teleport Other           Tloc           ###.....     8%          3    ###....
 Passage of Golubria      Tloc           N/A          26%         4    ####...


Dungeon Overview and Level Annotations

Branches:
Dungeon (6/15)             Temple (0/1) D:6           Sewer (visited)

Altars:

Shops:
D:4 [

Annotations:
D:4 3 runed translucent doors, Bvern's ghost, amateur DEWz


Innate Abilities, Weirdness & Mutations

You cannot wear most types of armour.
You are very stealthy in the water. (Stealth+)
You are amphibious.
You can wear up to eight rings at the same time.
You can use your tentacles to constrict eight enemies at once.
Your skin changes colour to match your surroundings (Stealth+).
Your rubbery body absorbs attacks. (AC +1, EV +1)


Message History

The orc priest hits you with a +0 short sword!
Casting: Shroud of Golubria (safe; 4% risk of failure)
Confirm with . or Enter, or press ? or * to list all spells.
You blink.
The orc priest casts a cantrip, but nothing happens.
The orc priest mumbles some strange prayers to Beogh against you.
Beogh smites you!
* * * LOW HITPOINT WARNING * * *
The orc wizard completely misses you.
You riposte.
You hit the orc wizard but do no damage.
You grab the orc wizard. You squeeze the orc wizard.
The orc wizard is moderately wounded.
You release your grip on the orc wizard.
The orc wizard points at you and mumbles some strange words.
The magic dart hits you!
* * * LOW HITPOINT WARNING * * *
There is a staircase to the Ecumenical Temple here.
The orc wizard casts a spell at you. The puff of frost hits you.
You die...

#o# #.# #####.######.#
............# ....#
##.######## #..#
##.........#
##S.####....#.#...#
#...Z..Z...#.#o#..#
.....#.#####.#.#.#.#.#
#.# #O# #..#.@o#..##
#.# #.#.#o#o#..# #.#
#..#.#o#S..# #.#
#...#o#....# #####.#
#...o?S...#.# #.....#
##....S...#.# #.#####
#.####.###.### ##.####
#.# #o>....... #.
....).# #.# #.########
#.#


You could see an orc priest, an orc wizard, an adder and 3 orcs.

Vanquished Creatures
  Pikel (D:5)
  2 ice beasts
  A phantom (D:5)
  3 big kobolds (Sewer)
  A bullfrog (D:6)
  A howler monkey (D:5)
  2 hounds (D:4)
  An orc priest (D:5)
  An orc wizard (D:5)
  2 iguanas (D:4)
  5 worker ants
  A killer bee zombie (D:5)
  3 hound skeletons (D:5)
  6 adders
  2 river rats (Sewer)
  3 oozes (Sewer)
  4 worms
  A dart slug (D:2)
  9 leopard geckos
  6 orcs
  4 giant cockroaches
  4 goblins
  A hobgoblin (D:1)
  4 jackals (D:5)
  A quokka (D:5)
  4 ball pythons
  5 bats
  A frilled lizard (D:4)
  9 kobolds
  9 rats
97 creatures vanquished.

Vanquished Creatures (others)
  2 slaves (D:5)
  A phantom (D:5)
  An orc priest (D:5)
  A bullfrog skeleton (D:5)
  A hound zombie (D:5)
6 creatures vanquished.

Grand Total: 103 creatures vanquished

Notes
Turn   | Place    | Note
-------+----------+-------------------------------------------
     0 | D:1      | Esekla the Octopode Warper began the quest for the Orb.
     0 | D:1      | Reached XP level 1. HP: 14/14 MP: 3/3
   133 | D:2      | Noticed a scorpion
   359 | D:2      | Reached XP level 2. HP: 19/19 MP: 5/5
   600 | D:1      | Learned a level 2 spell: Shroud of Golubria
   603 | D:1      | Learned a level 2 spell: Blink
   842 | D:1      | Reached XP level 3. HP: 24/24 MP: 6/6
  2204 | D:3      | Reached XP level 4. HP: 28/29 MP: 7/7
  2441 | D:4      | Found a runed translucent gate.
  2443 | D:4      | Found a runed translucent gate.
  2443 | D:4      | Found a runed translucent gate.
  2444 | D:4      | Noticed an ogre
  2512 | D:4      | Reached skill level 3 in Long Blades
  2512 | D:4      | Reached skill level 1 in Stealth
  2526 | D:4      | Reached skill level 1 in Charms
  2568 | D:4      | Noticed an ogre
  2569 | D:4      | Found Xat Fibi's Armour Emporium.
  2581 | D:4      | Reached XP level 5. HP: 22/34 MP: 6/8
  2630 | D:4      | Found a glowing drain.
  2637 | Sewer    | Entered a sewer
  2679 | Sewer    | Noticed a big kobold
  2685 | Sewer    | Killed a big kobold
  2712 | Sewer    | Reached skill level 4 in Long Blades
  2712 | Sewer    | Reached XP level 6. HP: 29/41 MP: 6/9
  3371 | D:4      | Reached XP level 7. HP: 35/45 MP: 7/10
  3383 | D:5      | Entered Level 5 of the Dungeon
  3427 | D:4      | Noticed Bvern's ghost (amateur DEWz)
  3736 | D:5      | Noticed Pikel
  3754 | D:5      | Killed Pikel
  3754 | D:5      | Reached skill level 6 in Long Blades
  3754 | D:5      | Reached XP level 8. HP: 18/52 MP: 9/12
  4213 | D:5      | Identified the cursed +0 ring mail of Fanaticism {Dex+3}
  4773 | D:6      | Found a staircase to the Ecumenical Temple.
  4812 | D:6      | Reached skill level 7 in Long Blades
  4879 | D:6      | Killed from afar by an orc wizard

Illustrated notes

Levels and vault maps discovered:
D:1:      mrwooster_arrival_statue, layout_loops_corners
D:2:      layout_basic, serial_glass, glass_columns_a, glass_columns_c
D:3:      layout_basic, nrook_uturn
D:4:      layout_basic, cheibrodos_sewer_entry_bend, gammafunk_ghost_split,
          serial_shops, shop_statue, chequers_serial_rivers_micro_b
D:5:      layout_loops_ring, first_ration, fountainhead,
          minmay_fractal_squares_diagonal_5, uniq_pikel
D:6:      layout_loops_ring, minmay_temple_entry_grid,
          nemelex_xobeh_ov_fountains_minmay

Skill      XL: |  1  2  3  4  5  6  7  8 |
---------------+-------------------------+-----
Long Blades    | 3 4 6 7 |  7.0
Stealth        | 1 2 3 |  3.2
Dodging        | 3 4 |  4.6
Charms         | 1 2 3 4 |  4.0
Fighting       | 3 |  3.4
Translocations | 4 |  4.7
Spellcasting   | 3 |  3.2
Throwing       | |  1.0

Action                   |  1- 3 |  4- 6 |  7- 9 || total
-------------------------+-------+-------+-------++-------
Melee: Falchion          |    57 |    88 |   154 ||   299
       Constrict         |    19 |    26 |    27 ||    72
       Tentacles         |     9 |    22 |    45 ||    76
       Spear             |     1 |     4 |       ||     5
 Cast: Shroud of Golubri |       |     6 |    15 ||    21
       Blink             |       |     3 |     4 ||     7
  Use: Scroll            |     1 |     5 |       ||     6
 Stab: Sleeping          |     8 |     1 |     3 ||    12
  Eat: Chunk             |     4 |     4 |     6 ||    14
Armor: Skin              |     4 |     7 |     2 ||    13
Dodge: Dodged            |    26 |    65 |   108 ||   199
       Rpst.: Falchion   |    14 |    28 |    36 ||    78

Table legend:
 A = Non-vault XP
 B = Vault XP
 C = Vault XP percentage of total XP
 D = Non-vault monster count
 E = Vault monster count
 F = Vault count percentage of total count
                 A         B        C        D         E       F
            +---------+---------+-------+---------+---------+-------
      Total |    1163 |    1070 |  47.9 |      74 |      24 |  24.5
            +---------+---------+-------+---------+---------+-------
        D:1 |      27 |       0 |   0.0 |      15 |       0 |   0.0
        D:2 |      15 |       0 |   0.0 |       6 |       0 |   0.0
        D:3 |      41 |       0 |   0.0 |      14 |       0 |   0.0
        D:4 |     244 |       0 |   0.0 |      15 |       0 |   0.0
        D:5 |     562 |     679 |  54.7 |      19 |       2 |   9.5
        D:6 |     274 |       0 |   0.0 |       5 |       0 |   0.0
      Sewer |       0 |     391 | 100.0 |       0 |      22 | 100.0
            +---------+---------+-------+---------+---------+-------
